 Dungeon Crawl Stone Soup version 0.19.5 (webtiles) character file.

89 Hamenopi the Ruffian (level 4, -2/45 HPs)
             Began as a Troll Berserker on May 8, 2017.
             Was a Believer of Trog.
             Killed by nerve-wracking pain
             ... invoked by Grinder
              (7 damage)
             ... on level 3 of the Dungeon.
             The game lasted 00:08:28 (1476 turns).

Hamenopi the Ruffian (Troll Berserker)              Turns: 1476, Time: 00:08:29

Health: -2/45      AC:  5    Str: 26    XL:     4   Next: 31%
Magic:  3/3        EV: 10    Int:  3    God:    Trog [**....]
Gold:   70         SH:  0    Dex:  9    Spells: 0 memorised, 3 levels left

rFire  . . .     SeeInvis .       - Unarmed
rCold  . . .     Gourm    +     a - +0 animal skin
rNeg   . . .     Faith    .     (no shield)
rPois  .         Spirit   .     k - +0 hat
rElec  .         Reflect  .     (no cloak)
rCorr  .         Harm     .     (gloves unavailable)
MR     .....                    (boots unavailable)
Stlth  +.........               (no amulet)
                                (no ring)
                                (no ring)

@: exhausted, slowed, very slow
A: unfitting armour, claws 3, fast metabolism 3, gourmand, regeneration 1,
shaggy fur 1, tough skin 2
a: Berserk, Trog's Hand, Burn Spellbooks, Renounce Religion


You were on level 3 of the Dungeon.
You worshipped Trog.
Trog was pleased with you.
You were very full.

You visited 1 branch of the dungeon, and saw 3 of its levels.

You collected 70 gold pieces.

Inventory:

Hand Weapons
 j - a +0 dagger
Missiles
 i - 57 stones (quivered)
 o - 4 needles of paralysis
Armour
 a - a +0 animal skin (worn)
 e - a +0 cloak
 k - a +0 hat (worn)
Scrolls
 l - 2 scrolls of amnesia {unknown}
 p - 2 scrolls of recharging {unknown}
 r - a scroll of remove curse {unknown}
Potions
 h - 2 potions of curing {unknown}
 m - a potion of cure mutation {unknown}
 q - a potion of lignification {unknown}
Comestibles
 b - 2 bread rations
 c - a meat ration
 f - 6 fruits
 g - 2 slices of pizza
 n - a royal jelly


   Skills:
 + Level 3.0 Fighting
 + Level 2.8 Dodging
 + Level 4.2 Unarmed Combat


You had 3 spell levels left.
You didn't know any spells.

Dungeon Overview and Level Annotations

Branches:
Dungeon (3/15)

Altars:
Kikubaaqudgha

Annotations:
D:3 Grinder


Innate Abilities, Weirdness & Mutations

You are too large for most types of armour.
You have claws for hands.
Your metabolism is lightning-fast.
You like to eat raw meat.
Your natural rate of healing is unusually fast.
You are covered in fur. (AC +1)
You have very tough skin. (AC +2)


Message History

The giant cockroach bites you but does no damage.
Grinder hits you.
* * * LOW HITPOINT WARNING * * *
You writhe in agony.
* * * LOW HITPOINT WARNING * * *
The giant cockroach closely misses you.
You closely miss Grinder.
Grinder is almost dead.
Grinder hits you but does no damage. The giant cockroach misses you.
Grinder hits you but does no damage.
You scratch Grinder but do no damage.
Grinder is severely wounded.
The giant cockroach barely misses you. Grinder hits you but does no damage.
The giant cockroach bites you but does no damage.
You closely miss Grinder.
Grinder is severely wounded.
The giant cockroach barely misses you. Grinder gestures at you.
Pain shoots through your body!
You die...

...≈≈#++##
..(≈≈≈≈≈
.(.≈.≈≈ ..... #
.(.( #.##..
#!.s5# #@#
########
######.#
.......#
#....%.#
.##.##.
#.###.##
.##.##. #.# ..#
.....#..
#.#.### .#.#.#
#.##.#.# ##.#.#
#......#
##.#.######.#.#


You could see Grinder and a giant cockroach.

Vanquished Creatures
  3 adders
  A river rat (D:3)
  2 dart slugs
  A leopard gecko (D:1)
  9 bats
  2 giant cockroaches
  4 goblins (D:2)
  7 hobgoblins
  2 jackals (D:1)
  5 kobolds
  2 quokkas (D:2)
  2 frilled lizards (D:2)
  8 rats
48 creatures vanquished.

Vanquished Creatures (others)
  A human (D:2)
1 creature vanquished.

Grand Total: 49 creatures vanquished

Notes
Turn   | Place    | Note
-------+----------+-------------------------------------------
     0 | D:1      | Hamenopi the Troll Berserker began the quest for the Orb.
     0 | D:1      | Reached XP level 1. HP: 22/22 MP: 0/0
   123 | D:1      | Reached XP level 2. HP: 27/29 MP: 1/1
   717 | D:2      | Reached XP level 3. HP: 31/36 MP: 2/2
   774 | D:2      | Reached ** piety under Trog
  1148 | D:2      | Reached skill level 4 in Unarmed Combat
  1184 | D:2      | Found an ancient bone altar of Kikubaaqudgha.
  1185 | D:2      | Noticed a human
  1186 | D:2      | Killed a human
  1359 | D:3      | Reached XP level 4. HP: 43/45 MP: 3/3
  1443 | D:3      | Noticed Grinder
  1449 | D:3      | Paralysed by Grinder for 5 turns
  1463 | D:3      | Paralysed by Grinder for 4 turns
  1473 | D:3      | HP: 2/45 [Grinder (1)]
  1476 | D:3      | Killed from afar by Grinder

Skill      XL: |  1  2  3 |
---------------+----------+-----
Fighting       | 3 |  3.0
Unarmed Combat | 4 |  4.2
Dodging        | |  2.8

Action                   |  1- 3 |  4- 6 || total
-------------------------+-------+-------++-------
Melee: Unarmed           |   114 |    23 ||   137
       Punch             |     3 |       ||     3
Throw: Stone             |     2 |     4 ||     6
Invok: Berserk           |     1 |     1 ||     2
  Use: Potion            |     2 |       ||     2
       Scroll            |     1 |       ||     1
  Eat: Chunk             |    19 |     1 ||    20
Armor: Animal skin       |    32 |    19 ||    51
Dodge: Dodged            |    49 |    20 ||    69
